 Dungeon Crawl Stone Soup version 0.29.1-debian-1-gc3f1650bb9 (webtiles) character file.

Game seed: 4861468278256089193

968 IdlyInterested the Cutter (level 7, 0/52 HPs)
             Began as a Demonspawn Wanderer on Sept 12, 2022.
             Slain by a yak (13 damage)
             ... on level 5 of the Dungeon.
             The game lasted 00:16:33 (4896 turns).

IdlyInterested the Cutter (Demonspawn Wanderer)     Turns: 4896, Time: 00:16:34

Health: 0/52       AC:  5    Str:  9    XL:     7   Next: 93%
Magic:  8/10       EV: 13    Int: 18    God:
Gold:   321        SH:  0    Dex: 15    Spells: 10/11 levels left

rFire   . . .      SeeInvis .   a - +0 dagger
rCold   . . .      Faith    .   (no shield)
rNeg    . . .      Spirit   .   h - +0 troll leather armour {Pargi}
rPois   .          Reflect  .   (helmet currently unavailable)
rElec   .          Harm     .   o - +0 cloak
rCorr   .          Rampage  .   (no gloves)
Will    .....                   (boots currently unavailable)
Stlth   ++........              (no amulet)
HPRegen 0.97/turn               (no ring)
MPRegen 0.12/turn               (no ring)

@: appendages
A: horns 2, talons 2, big brain 1, demonic magic 1, demonic touch 2
a: End Transformation


You were on level 5 of the Dungeon.
You had temporarily grown beastly horns and talons.
You visited 1 branch of the dungeon, and saw 5 of its levels.
You also visited: Sewer.

You collected 321 gold pieces.

Inventory:

Hand Weapons
 a - a +0 dagger (weapon)
 n - a +0 short sword
Missiles
 f - 2 throwing nets
 j - 7 poisoned darts
 l - a boomerang
Armour
 h - a +0 troll leather armour (worn) {Pargi}
 o - a +0 cloak (worn)
Scrolls
 g - 2 scrolls of teleportation
 i - 2 scrolls of magic mapping
 p - 2 scrolls of immolation
Potions
 b - a potion of mutation
 c - 3 potions of magic
 e - 2 potions of might
 k - a potion of ambrosia
 m - 2 potions of flight {unknown}
 q - a potion of attraction {unknown}
 r - 2 potions of haste
 s - a potion of curing {unknown}
 t - a potion of invisibility {unknown}
Miscellaneous
 d - a piece from Xom's chessboard (15/15)


   Skills:
 - Level 3.0 Fighting
 * Level 4.8 Short Blades
 - Level 1.0 Throwing
 - Level 4.0 Dodging
 * Level 3.0 Stealth
 + Level 0.6 Unarmed Combat
 + Level 2.5 Spellcasting
 - Level 2.0 Transmutations
 - Level 2.0 Ice Magic
 - Level 4.0 Evocations


You had 10 spell levels left.
You knew the following spells:

 Your Spells              Type           Power      Damage    Failure   Level
a - Beastly Appendage     Tmut           18%        N/A       11%         1

Your spell library contained the following spells:

 Spells                   Type           Power      Damage    Failure   Level
 Freeze                   Ice            36%        1d6       11%         1
 Foxfire                  Conj/Fire      8%         2x1d4     24%         1
 Ensorcelled Hibernation  Hex/Ice        10%        N/A       24%         2
 Ignite Poison            Fire/Tmut/Pois 4%         N/A       50%         3
 Inner Flame              Hex/Fire       2%         N/A       58%         3
 Kindle Blastsparks       Fire/Tloc/Air  4%         2d10      58%         3
 Summon Ice Beast         Ice/Summ       5%         N/A       85%         4
 Flame Wave               Conj/Fire      2%         2d4       94%         4
 Summon Forest            Summ/Tloc      1%         N/A       100%        5
 Eringya's Noxious Bog    Tmut/Pois      2%         N/A       100%        6
 Summon Hydra             Summ           1%         N/A       100%        7


Dungeon Overview and Level Annotations

Branches:
Dungeon (5/15)              Sewer (visited)
 Temple: D:4-7

Altars:


Innate Abilities, Weirdness & Mutations

You have temporarily grown beastly horns and talons.
You have an unusually large brain. (Int +2)
Spells you cast may paralyse adjacent enemies.
Your touch may inflict irresistible damage on your foes.


Message History

The yak is moderately wounded.
The yak misses you.
You hit the yak but do no damage. You claw the yak.
The yak is heavily wounded.
You closely miss the yak. Your kick misses the yak.
The yak is heavily wounded.
The yak gores you!
You hit the yak. Your kick misses the yak.
The yak is heavily wounded.
The yak gores you!
You hit the yak but do no damage. Your kick misses the yak.
Your headbutt misses the yak.
The yak is heavily wounded.
Your transformation is almost over.
The yak gores you!
You hit the yak but do no damage. You headbutt the yak.
The yak is severely wounded.
You hit the yak but do no damage. You claw the yak. You headbutt the yak!
You touch the yak.
You kill the yak!
Your Stealth skill increases to level 3!
Throw: 8 darts (poison)
Press: ? - help, Shift-Dir - straight line, f - yak
Aim: a yak (70% to hit)
You throw a poisoned dart. The poisoned dart hits the yak.
The yak is poisoned.
Casting: Beastly Appendage (safe; 11% risk of failure)
Press: ? - help, Q - select action, (/) - cycle Dir - look around, f - activate
Okay, then.
Casting: Beastly Appendage (safe; 11% risk of failure)
Press: ? - help, Q - select action, (/) - cycle Dir - look around, f - activate You extend your transformation's duration.
Malevolent energies surge around you. The yak gores you!
* * * LOW HITPOINT WARNING * * *
Casting: Beastly Appendage (safe; 11% risk of failure)
Press: ? - help, Q - select action, (/) - cycle Dir - look around, f - activate You fail to extend your transformation any further.
Malevolent energies surge around you. The yak gores you!
You die...

### ..# #(#
#### #Y# ...#
#Y# ##..# #Y#
# .... #@#
#.#..# #.#
...# #.#
##.####.###.#
............#
##.####.#####
#.# #.# #.#


You could see 3 yaks.

Vanquished Creatures
  2 yaks (D:5)
  Pargi (Sewer)
  An ice beast (D:5)
  An ogre (D:5)
  3 hounds
  Crazy Yiuf (D:2)
  3 iguanas
  2 orc wizards (D:4)
  4 adders
  A river rat (D:4)
  A white imp (D:5)
  3 worms
  2 dart slugs
  9 orcs
  5 ball pythons
  4 endoplasms
  5 giant cockroaches
  6 goblins
  7 hobgoblins
  6 jackals
  10 kobolds
  3 quokkas
  12 bats
  5 frilled lizards
  9 rats
106 creatures vanquished.

Notes
Turn   | Place    | Note
-------+----------+-------------------------------------------
     0 | D:1      | IdlyInterested the Demonspawn Wanderer began the quest for
                  | the Orb.
     0 | D:1      | IdlyInterested set off with the following items: a +0
                  | dagger, a potion of mutation, a +0 robe, a piece from Xom's
                  | chessboard (15/15); and the following spells available to
                  | memorise: Freeze, Beastly Appendage, Ensorcelled
                  | Hibernation, Ignite Poison, Summon Ice Beast.
     0 | D:1      | Reached XP level 1. HP: 13/13 MP: 3/3
     2 | D:1      | Learned a level 1 spell: Beastly Appendage
    39 | D:1      | Found a faded altar of an unknown god.
   412 | D:1      | Gained mutation: Spells you cast may paralyse adjacent
                  | enemies. [demonic ancestry]
   412 | D:1      | Reached XP level 2. HP: 20/20 MP: 5/5
  1331 | D:2      | Reached skill level 1 in Throwing
  1336 | D:2      | Reached skill level 1 in Fighting
  1401 | D:2      | Reached XP level 3. HP: 25/26 MP: 4/6
  1415 | D:2      | Reached skill level 1 in Short Blades
  2162 | D:2      | Found a runed translucent door.
  2163 | D:2      | Noticed Crazy Yiuf
  2654 | D:2      | Killed Crazy Yiuf
  2655 | D:2      | Gained mutation: Your touch may inflict minor irresistible
                  | damage on your foes. [demonic ancestry]
  2655 | D:2      | Reached XP level 4. HP: 32/32 MP: 5/7
  3588 | D:4      | Gained mutation: You have an unusually large brain. (Int
                  | +2) [demonic ancestry]
  3588 | D:4      | Reached XP level 5. HP: 35/38 MP: 6/8
  3669 | D:4      | Found a glowing drain.
  3673 | Sewer    | Entered a sewer
  3709 | Sewer    | Noticed Pargi
  3729 | Sewer    | Killed Pargi
  3963 | D:4      | Reached XP level 6. HP: 44/44 MP: 6/9
  4394 | D:5      | Entered Level 5 of the Dungeon
  4796 | D:5      | Noticed an ice beast
  4818 | D:5      | Gained mutation: Your touch may inflict irresistible damage
                  | on your foes. [demonic ancestry]
  4818 | D:5      | Reached XP level 7. HP: 50/51 MP: 10/10
  4823 | D:5      | Reached skill level 1 in Stealth
  4877 | D:5      | Noticed a yak
  4878 | D:5      | Noticed a yak
  4879 | D:5      | Noticed a yak
  4879 | D:5      | Noticed a yak
  4882 | D:5      | Noticed a yak
  4884 | D:5      | Killed a yak
  4893 | D:5      | Killed a yak
  4896 | D:5      | Slain by a yak

Illustrated notes

Levels and vault maps discovered:
D:1:      mushboom_english_gardens, layout_basic, serial_rivers,
          chequers_serial_rivers_marsh, chequers_serial_rivers_small_3,
          chequers_serial_rivers_micro_a, chequers_serial_rivers_micro_d,
          chequers_serial_rivers_room_b, ebering_ecumenical_altar_hall
D:2:      layout_loops_ring, minmay_heptomino_l4, uniq_crazy_yiuf_cottage
D:3:      layout_basic
D:4:      layout_basic, gup_sewer_entry_spiral
D:5:      layout_basic, minmay_temple_entry_hall, corexii_checkpoint_a,
          uniq_edmund

Skill      XL: |  1  2  3  4  5  6  7 |
---------------+----------------------+-----
Throwing       | 1 |  1.0
Fighting       | 1 2 3 |  3.0
Short Blades   | 1 2 3 4 |  4.8
Dodging        | 2 3 4 |  4.0
Transmutations | 2 |  2.0
Stealth        | 3 |  3.0
Ice Magic      | 2 |  2.0
Unarmed Combat | |  0.6
Spellcasting   | |  2.5
Evocations     | |  4.0

Action                   |  1- 3 |  4- 6 |  7- 9 || total
-------------------------+-------+-------+-------++-------
Melee: Dagger            |   138 |   194 |    21 ||   353
       Kick              |    21 |    33 |     7 ||    61
       Headbutt          |    13 |    15 |     7 ||    35
       Touch             |       |    34 |     6 ||    40
       Punch             |       |     2 |     1 ||     3
Throw: Dart              |       |     2 |     2 ||     4
 Cast: Beastly Appendage |    26 |    20 |     4 ||    50
Evoke: Piece from Xom's  |     1 |       |       ||     1
  Use: Scroll            |     4 |     8 |       ||    12
       Potion            |     2 |     1 |       ||     3
 Stab: Sleeping          |     1 |     4 |       ||     5
       Paralysed         |    12 |    14 |     2 ||    28
Armor: Robe              |    33 |       |       ||    33
       Ring mail         |       |     6 |       ||     6
       Leather armour    |       |    19 |       ||    19
       Troll leather arm |       |    23 |       ||    23
Dodge: Dodged            |    82 |   131 |     9 ||   222
